 Dungeon Crawl Stone Soup version 0.21-a0-201-g8501b10 (webtiles) character file.

627 Angulimala the Stinger (level 7, -1/57 HPs)
             Began as a Naga Transmuter on Aug 19, 2017.
             Was an Initiate of Ru.
             Slain by a hippogriff (5 damage)
             ... on level 5 of the Dungeon.
             The game lasted 00:18:21 (5147 turns).

Angulimala the Stinger (Naga Transmuter)            Turns: 5147, Time: 00:18:21

Health: -1/57      AC:  2    Str: 12    XL:     7   Next: 48%
Magic:  8/10       EV: 19    Int: 15    God:    Ru [......]
Gold:   295        SH:  0    Dex: 17    Spells: 2/10 levels left

rFire    . . .     SeeInvis +     - Unarmed
rCold    . . .     Gourm    .   (shield currently unavailable)
rNeg     . . .     Faith    .   (armour currently unavailable)
rPois    x         Spirit   .   (helmet currently unavailable)
rElec    .         Reflect  .   (cloak currently unavailable)
rCorr    .         Harm     .   (gloves currently unavailable)
MR       .....                  (no barding)
Stlth    ++........             (no amulet)
HPRegen  0.19/turn              (no ring)
MPRegen  0.12/turn              (no ring)

@: spider-form
A: see invisible, slow metabolism 1, spit poison 1, missing an eye, AC +2
a: Spit Poison, End Transformation, Renounce Religion


You were on level 5 of the Dungeon.
You worshipped Ru.
Ru was noncommittal.
You were not hungry.
You were a venomous arachnid creature.
You visited 2 branches of the dungeon, and saw 6 of its levels.

You collected 295 gold pieces.

Inventory:

Missiles
 a - 72 arrows
 f - 115 stones (quivered)
Armour
 b - a +0 robe (melded)
 o - a +1 cloak (melded)
 t - a +0 pair of gloves (melded)
 w - a scarf of cloud immunity
Scrolls
 e - a scroll of magic mapping
 j - 2 scrolls of identify
 k - a scroll of enchant armour
 l - a scroll of enchant weapon
 p - 2 scrolls of remove curse
Potions
 h - a potion of lignification {unknown}
 i - a potion of might {unknown}
 u - a potion of brilliance
 v - a potion of haste {unknown}
Books
 c - a book of Changes

   Spells                             Type                      Level
   a - Beastly Appendage              Transmutation                1
   b - Sticks to Snakes               Transmutation                2
   c - Spider Form                    Transmutation/Poison         3
   d - Ice Form                       Ice/Transmutation            4
   e - Blade Hands                    Transmutation                5
Comestibles
 d - 3 bread rations
 m - a fruit
 n - a royal jelly
 q - 4 meat rations


   Skills:
 - Level 1.0 Fighting
 - Level 1.5 Dodging
 - Level 2.1 Stealth
 - Level 4.1 Unarmed Combat
 - Level 2.0 Spellcasting
 - Level 3.2 Transmutations
 * Level 4.4 Ice Magic
 - Level 5.9 Poison Magic


You had 2 spell levels left.
You knew the following spells:

 Your Spells              Type           Power        Failure   Level  Hunger
a - Beastly Appendage     Tmut           ##....       17%         1    #......
b - Spider Form           Tmut/Pois      ###.......   24%         3    ###....
c - Ice Form              Ice/Tmut       ##......     63%         4    #####..


Dungeon Overview and Level Annotations

Branches:
Dungeon (5/15)             Temple (1/1) D:4

Altars:
Ashenzari
Cheibriados
Dithmenos
Elyvilon
Fedhas
Hepliaklqana
Qazlal
Ru
Sif Muna
Trog
Uskayaw
Vehumet
Xom
Zin
The Shining One

Annotations:
D:5 Grinder


Innate Abilities, Weirdness & Mutations

You cannot wear boots.
((Your serpentine skin is tough. (AC +2)))
You have supernaturally acute eyesight. (SInv)
((Armour fits poorly on your strangely shaped body.))
((Your system is resistant to poisons. (rPois)))
((You cover ground very slowly.))
You have a slow metabolism.
You can spit poison.
You are missing an eye, making it more difficult to aim.


Message History

You barely miss the hippogriff.
The hippogriff is moderately wounded.
The hippogriff bites you! The hippogriff pecks you. The hippogriff misses you.
You bite the hippogriff!
The hippogriff looks as sick as possible!
The hippogriff is heavily wounded.
The hippogriff bites you. The hippogriff barely misses you.
The hippogriff claws you.
You hit the hippogriff.
The hippogriff looks as sick as possible!
The hippogriff is heavily wounded.
The hippogriff bites you but does no damage.
The hippogriff barely misses you. The hippogriff claws you!
* * * LOW HITPOINT WARNING * * *
You barely miss the hippogriff.
The hippogriff is severely wounded.
The hippogriff bites you!
* * * LOW HITPOINT WARNING * * *
The hippogriff pecks you.
You die...

# #####..##
#...H...# #s###...#
#H# s# #s# #.# .#
#.# #.#
#.#########.###'##
#.#.........#.....
#.#......[..'..>..
#.'........##.....
####...............
#..................


You could see a hippogriff and a scorpion.

Vanquished Creatures
  Sigmund (D:2)
  A phantom (D:4)
  An orc priest (D:3)
  2 hounds (D:4)
  An iguana (D:5)
  3 worker ants (D:4)
  3 gnolls
  7 adders
  A shadow imp (D:5)
  2 adder skeletons (D:4)
  2 worms
  3 dart slugs
  2 leopard geckos (D:1)
  4 orcs (D:3)
  A giant cockroach (D:4)
  8 hobgoblins
  10 kobolds
  4 quokkas
  A ball python (D:2)
  7 bats
  2 frilled lizards
  7 goblins
  A leopard gecko skeleton (D:5)
  A leopard gecko zombie (D:4)
  6 rats
81 creatures vanquished.

Notes
Turn   | Place    | Note
-------+----------+-------------------------------------------
     0 | D:1      | Angulimala the Naga Transmuter began the quest for the Orb.
     0 | D:1      | Reached XP level 1. HP: 18/18 MP: 3/3
   249 | D:1      | Reached XP level 2. HP: 10/25 MP: 3/5
   668 | D:1      | Reached skill level 1 in Stealth
  1112 | D:2      | Reached XP level 3. HP: 31/31 MP: 6/6
  1233 | D:2      | Learned a level 3 spell: Spider Form
  1298 | D:2      | Reached skill level 1 in Poison Magic
  1476 | D:2      | Reached skill level 2 in Poison Magic
  1476 | D:2      | Reached XP level 4. HP: 36/38 MP: 5/7
  1553 | D:2      | Noticed Sigmund
  1630 | D:2      | Killed Sigmund
  1630 | D:2      | Reached skill level 5 in Poison Magic
  1630 | D:2      | Reached XP level 5. HP: 33/44 MP: 2/8
  1642 | D:2      | Learned a level 4 spell: Ice Form
  1760 | D:2      | Reached XP level 6. HP: 46/51 MP: 7/9
  1907 | D:3      | Found a faded altar of an unknown god.
  1936 | D:3      | Became a worshipper of Ru the Awakened
  1943 | D:3      | Gained mutation: You are missing an eye, making it more difficult to aim. [Ru sacrifice]
  2317 | D:3      | Found a shimmering altar of Xom.
  2609 | D:4      | Noticed a phantom
  2653 | D:4      | Found a staircase to the Ecumenical Temple.
  2660 | Temple   | Entered the Ecumenical Temple
  2869 | D:4      | Reached skill level 1 in Ice Magic
  3512 | D:4      | Found a stormy altar of Qazlal.
  3530 | D:4      | Reached XP level 7. HP: 44/57 MP: 10/10
  4339 | D:5      | Entered Level 5 of the Dungeon
  4572 | D:5      | Noticed Grinder
  4578 | D:5      | Paralysed by Grinder for 5 turns
  5133 | D:5      | Noticed a hippogriff
  5147 | D:5      | Slain by a hippogriff

Vault maps used:
D:1:      dpeg_arrival_arbitrary_b, minmay_misc_feat_encased,
          minmay_misc_feat_roman
D:2:      minmay_misc_feat_alley, uniq_sigmund
D:3:      lemuel_crystal_altar, chequers_ecumenical_altar_simple_redux,
          first_bread
D:4:      temple_green, nicolae_qazlal_eye_of_the_storm
D:5:      uniq_grinder, uniq_prince_ribbit1
Temple:   dshaligram_water_room_temple

Skill      XL: |  1  2  3  4  5  6  7 |
---------------+----------------------+-----
Stealth        | 1 2 |  2.1
Unarmed Combat | 4 |  4.1
Poison Magic   | 2 5 |  5.9
Transmutations | 3 |  3.2
Ice Magic      | 2 4 |  4.4
Fighting       | |  1.0
Dodging        | |  1.5
Spellcasting   | |  2.0

Action                   |  1- 3 |  4- 6 |  7- 9 || total
-------------------------+-------+-------+-------++-------
Melee: Unarmed           |    56 |   170 |    95 ||   321
       Headbutt          |     3 |     2 |     1 ||     6
Throw: Stone             |     2 |    15 |     1 ||    18
 Cast: Beastly Appendage |    18 |    14 |     1 ||    33
       Spider Form       |       |    12 |    13 ||    25
Invok: Sacrifice an Eye  |       |     1 |       ||     1
 Abil: Spit Poison       |    33 |    24 |     6 ||    63
  Use: Scroll            |     3 |     4 |       ||     7
       Potion            |     2 |     2 |       ||     4
  Eat: Chunk             |     1 |     2 |       ||     3
       Bread ration      |     1 |     1 |     2 ||     4
Armor: Robe              |    20 |    32 |     2 ||    54
       Skin              |       |    11 |     5 ||    16
Dodge: Dodged            |    31 |   120 |    52 ||   203
